 Dungeon Crawl Stone Soup version 0.31.0-1-g2c135a0 (webtiles) character file.

Game seed: 9837757786230341114

24 jagoly the Conjurer (level 3, 0/23 HPs)
             Began as an Octopode Conjurer on Jan 25, 2024.
             Slain by a goblin
             ... wielding a +0 club
              (4 damage)
             ... on level 3 of the Dungeon.
             The game lasted 00:04:45 (445 turns).

jagoly the Conjurer (Octopode Conjurer)              Turns: 445, Time: 00:04:45

Health: 0/23       AC:  1    Str:  6    XL:     3   Next: 2%
Magic:  6/6        EV: 13    Int: 22    God:
Gold:   82         SH:  0    Dex: 10    Spells: 5/6 levels left

rFire   . . .        h - +0 whip
rCold   . . .        (no shield)
rNeg    . . .        (helmet restricted)
rPois   .            (no amulet)
rElec   .            (no ring)
rCorr   .            (no ring)
SInv    .            (no ring)
Will    .....        (no ring)
Stlth   +            (no ring)
HPRegen 0.23/turn    (no ring)
MPRegen 0.10/turn    (no ring)
                     (no ring)

%: no passive effects
@: glowing
A: almost no armour, amphibious, 8 rings, camouflage 1, gelatinous body 1,
(nimble swimmer 1), tentacles
a: no special abilities


You were on level 3 of the Dungeon.
You visited 1 branch of the dungeon, and saw 3 of its levels.

You collected 82 gold pieces.

Inventory:

Hand Weapons
 h - a +0 whip (weapon)
Missiles
 f - 2 stones
Magical Staves
 c - a staff of alchemy
Scrolls
 b - a scroll of identify {unknown}
 d - a scroll of enchant armour {unknown}
 k - a scroll of amnesia {unknown}
 m - a scroll of enchant weapon {unknown}
 n - a scroll of brand weapon {unknown}
Potions
 a - a potion of magic
 e - a potion of lignification {unknown}
 g - a potion of curing {unknown}
 i - a potion of invisibility {unknown}
 j - 3 potions of haste {unknown}
 l - a potion of mutation {unknown}


   Skills:
 + Level 1.0 Fighting
 - Level 2.0 Dodging
 - Level 3.0 Stealth
 + Level 2.3 Spellcasting
 * Level 4.4 Conjurations


You had 5 spell levels left.
You knew the following spells:

 Your Spells              Type           Power      Damage    Failure   Level
a - Magic Dart            Conj           88%        1d7       2%          1

Your spell library contained the following spells:

 Spells                   Type           Power      Damage    Failure   Level
 Searing Ray              Conj           44%        2d6       3%          2
 Shock                    Conj/Air       48%        1d6       5%          1
 Swiftness                Air            2%         N/A       38%         3
 Fulminant Prism          Conj/Alch      6%         3d6       47%         4
 Iskenderun's Mystic Bla  Conj/Tloc      12%        2d5       47%         4
 Airstrike                Air            1%         2d(1-17)  80%         4


Dungeon Overview and Level Annotations

Branches:
Dungeon (3/15) Zot: 17554

Altars:
Makhleb
Zin


Innate Abilities, Weirdness & Mutations

You cannot wear most types of armour.
You are amphibious.
You can wear up to eight rings at the same time.
Your skin changes colour to match your surroundings (Stealth+).
Your rubbery body absorbs attacks. (AC +1, EV +1)
((You are camouflaged when in or above water. (Stealth+)))
You have tentacles for arms and can constrict up to eight enemies at once.


Message History

Welcome, jagoly the Octopode Conjurer.
Will you prevail where others failed? Will you find the Orb of Zot?
Press ? for a list of commands and other information.
Found three items.
Found two stairs.
Okay, then.
Found 7 gold pieces.
b - a scroll labelled LIVOGO MURAACE You see here a staff of alchemy.
c - a staff of alchemy A hobgoblin comes into view.
Found 15 gold pieces.
The hobgoblin shouts!
The magic dart hits the hobgoblin.
The hobgoblin is moderately wounded.
The magic dart hits the hobgoblin.
The hobgoblin is severely wounded.
The magic dart hits the hobgoblin but does no damage.
The hobgoblin is severely wounded.
The hobgoblin hits you.
Okay, then.
Unknown command.
Okay, then.
Unknown command.
Okay, then.
Attack: -) Tentacles
Press: ? - help, Dir - move target, f/p - hobgoblin
Aim: a hobgoblin (severely wounded, about 40% to evade your tentacles)
You tentacle-slap the hobgoblin but do no damage.
Your grab misses the hobgoblin.
The hobgoblin is severely wounded.
The hobgoblin barely misses you.
Attack: -) Tentacles
Press: ? - help, Dir - move target, f/p - hobgoblin
Aim: a hobgoblin (heavily wounded, about 40% to evade your tentacles)
You barely miss the hobgoblin. Your grab misses the hobgoblin.
Your squeeze misses the hobgoblin.
The hobgoblin is heavily wounded.
The hobgoblin hits you.
* * * LOW HITPOINT WARNING * * *
Attack: -) Tentacles
Press: ? - help, Dir - move target, f/p - hobgoblin
Aim: a hobgoblin (heavily wounded, about 40% to evade your tentacles)
You tentacle-slap the hobgoblin but do no damage.
You grab the hobgoblin. You squeeze the hobgoblin.
You kill the hobgoblin!
There is a staircase leading out of the dungeon here.
You start resting.
Magic restored.
HP restored.
There is a stone staircase leading down here.
HP restored.
You see here a hobgoblin corpse.
Okay, then.
You now have 15 gold pieces.
You now have 22 gold pieces (gained 7).
A hobgoblin and a quokka come into view.
Found 8 gold pieces.
The helpless hobgoblin fails to defend itself.
You tentacle-slap the hobgoblin but do no damage.
You grab the hobgoblin.
You squeeze the hobgoblin, but do no damage.
You constrict the hobgoblin. The hobgoblin barely misses you.
You barely miss the hobgoblin.
You squeeze the hobgoblin, but do no damage.
The hobgoblin is moderately wounded.
You constrict the hobgoblin. The hobgoblin closely misses you.
You tentacle-slap the hobgoblin but do no damage.
The hobgoblin is heavily wounded.
You constrict the hobgoblin, but do no damage.
The hobgoblin closely misses you.
You tentacle-slap the hobgoblin but do no damage.
The hobgoblin is heavily wounded.
You constrict the hobgoblin, but do no damage.
The hobgoblin barely misses you.
You tentacle-slap the hobgoblin.
The hobgoblin is severely wounded.
You constrict the hobgoblin.
You kill the hobgoblin!
No target in view!
Found 2 gold pieces.
Your line of fire to the quokka is blocked by a plant.
Cast which spell? (? or * to list)
Aiming: Magic Dart (safe; 3% risk of failure)
Press: ? - help, Shift-Dir - straight line, p - quokka The magic dart hits the quokka.
The quokka is almost dead.
Cast which spell? (? or * to list)
Aiming: Magic Dart (safe; 3% risk of failure)
Press: ? - help, Shift-Dir - straight line The magic dart hits the quokka but does no damage.
The quokka is almost dead.
Cast which spell? (? or * to list)
Aiming: Magic Dart (safe; 3% risk of failure)
Press: ? - help, Shift-Dir - straight line The magic dart hits the quokka.
You kill the quokka!
You start resting.
Magic restored.
You now have 24 gold pieces (gained 2).
A bat comes into view.
You tentacle-slap the plant but do no damage.
You grab the plant.
The plant begins to die.
You squeeze the plant.
The plant is lightly damaged.
You constrict the plant.
The bat hits the plant. x2
You tentacle-slap the plant but do no damage.
The plant is lightly damaged.
You constrict the plant, but do no damage.
The bat hits the plant. x3
You tentacle-slap the plant.
The plant is lightly damaged.
You constrict the plant.
The bat hits the plant. x3
You tentacle-slap the plant.
The plant is lightly damaged.
You constrict the plant.
A nearby plant withers and dies.
You lose your grip on the plant.
The bat hits you.
A bat comes into view.
Found a scroll labelled FEWKUB UGAUZE.
Found a stone staircase leading down.
The bat barely misses you. The bat closely misses you.
You miss the bat. You grab the bat. Your squeeze misses the bat.
You constrict the bat, but do no damage.
The bat hits you.
The bat escapes!
You closely miss the bat. You grab the bat.
You constrict the bat, but do no damage.
The bat hits you.
The bat struggles to escape constriction.
The bat escapes!
You tentacle-slap the bat but do no damage.
You grab the bat. Your squeeze misses the bat.
You constrict the bat, but do no damage.
The bat hits the plant.
The plant begins to die.
The bat completely misses you.
The bat hits the bush but does no damage.
The bat escapes!
The bat hits the bush but does no damage.
You tentacle-slap the bat but do no damage.
Your grab misses the bat.
The bat hits the plant.
The bat hits you but does no damage.
The bat hits the plant.
The bat hits you.
You tentacle-slap the bat but do no damage.
Your grab misses the bat. The bat closely misses you.
The bat hits the plant.
The bat barely misses you.
You closely miss the bat. Your grab misses the bat. The bat barely misses you.
The bat closely misses you.
You barely miss the bat. Your grab misses the bat. Your squeeze misses the bat.
A nearby plant withers and dies.
The bat misses you. x2
The bat hits you but does no damage. The bat barely misses you.
You miss the bat. Your grab misses the bat. You squeeze the bat.
You kill the bat!
The bat hits you.
You tentacle-slap the bat. You grab the bat. You squeeze the bat.
You kill the bat!
No target in view!
No target in view!
A goblin comes into view. It is wielding a +0 club.
A goblin is nearby!
d - a scroll labelled FEWKUB UGAUZE
There are no items here.
A ball python comes into view.
You now have 32 gold pieces (gained 8).
e - a sedimented puce potion The ball python hisses angrily.
Cast which spell? (? or * to list)
Aiming: Magic Dart (safe; 3% risk of failure)
Press: ? - help, Shift-Dir - straight line, f - goblin
Aim: a goblin, wielding a +0 club (wandering, hasn't noticed you, 100% to hit)
The magic dart hits the goblin.
You kill the goblin!
You have reached level 2!
Cast which spell? (? or * to list)
Aiming: Magic Dart (safe; 2% risk of failure)
Press: ? - help, Shift-Dir - straight line, f - ball python
Aim: a ball python (100% to hit)
The magic dart hits the ball python.
You kill the ball python!
Cast which spell? (? or * to list)
Okay, then.
You open the door.
Found 14 gold pieces.
A kobold comes into view. It is wielding a +0 club.
There is an open door here.
A hobgoblin comes into view.
The helpless hobgoblin fails to defend itself.
You tentacle-slap the hobgoblin. Your grab misses the hobgoblin.
You squeeze the hobgoblin.
The hobgoblin is moderately wounded.
The hobgoblin barely misses you.
You tentacle-slap the hobgoblin but do no damage.
You grab the hobgoblin.
The hobgoblin is moderately wounded.
You constrict the hobgoblin, but do no damage.
The kobold shouts!
You hear an angry hiss.
The hobgoblin hits you.
The kobold throws a stone.
The stone barely misses you.
You tentacle-slap the hobgoblin but do no damage.
The hobgoblin is moderately wounded.
You constrict the hobgoblin, but do no damage.
The hobgoblin closely misses you.
You tentacle-slap the hobgoblin but do no damage.
You squeeze the hobgoblin.
You kill the hobgoblin!
The kobold throws a stone.
The stone hits you.
Training target 3.0 for Stealth reached!
Your Stealth skill increases to level 3!
Cast which spell? (? or * to list)
You don't know that spell.
Cast which spell? (? or * to list)
Aiming: Magic Dart (safe; 2% risk of failure)
Press: ? - help, Shift-Dir - straight line, f - kobold
Aim: a kobold, wielding a +0 club and quivering stones (100% to hit)
The magic dart hits the kobold.
You kill the kobold!
Things that are here:
a +0 club; 2 stones You now have 46 gold pieces (gained 14).
Things that are here:
a +0 club; 2 stones
f - 2 stones A ball python comes into view.
A quokka comes into view.
You closely miss the ball python.
The ball python hisses angrily.
Your grab misses the ball python. The ball python barely misses you.
The ball python grabs you. The ball python constricts you.
The ball python bites you. The ball python constricts you.
You barely miss the ball python. You grab the ball python.
You squeeze the ball python.
You kill the ball python!
The quokka barely misses you.
You barely miss the quokka. You grab the quokka. You constrict the quokka.
The quokka misses you. The quokka bites you.
You barely miss the quokka. You squeeze the quokka.
The quokka is almost dead.
You constrict the quokka.
You kill the quokka!
No target in view!
Found an orange potion.
An endoplasm comes into view.
The endoplasm quivers.
You tentacle-slap the endoplasm.
The endoplasm is heavily wounded.
The endoplasm freezes you.
You are frozen.
You tentacle-slap the endoplasm but do no damage.
You squeeze the endoplasm, but do no damage.
The endoplasm is heavily wounded.
The endoplasm freezes you.
You are frozen.
You tentacle-slap the endoplasm but do no damage.
Your squeeze misses the endoplasm.
The endoplasm is heavily wounded.
The endoplasm freezes you.
You are frozen.
* * * LOW HITPOINT WARNING * * *
Cast which spell? (? or * to list)
Aiming: Magic Dart (safe; 2% risk of failure)
Press: ? - help, Shift-Dir - straight line, f - endoplasm
Aim: an endoplasm (heavily wounded, 100% to hit)
The magic dart hits the endoplasm.
You kill the endoplasm!
g - an orange potion
Found 13 gold pieces.
An endoplasm comes into view.
An endoplasm is nearby!
Cast which spell? (? or * to list)
Aiming: Magic Dart (safe; 2% risk of failure)
Press: ? - help, Shift-Dir - straight line, f - endoplasm
Aim: an endoplasm (asleep, 100% to hit)
The magic dart hits the endoplasm.
The endoplasm is lightly wounded.
The endoplasm quivers.
Cast which spell? (? or * to list)
Aiming: Magic Dart (safe; 2% risk of failure)
Press: ? - help, Shift-Dir - straight line, f/p - endoplasm
Aim: an endoplasm (100% to hit)
The magic dart hits the endoplasm.
The endoplasm is almost dead.
Cast which spell? (? or * to list)
Aiming: Magic Dart (safe; 2% risk of failure)
Press: ? - help, Shift-Dir - straight line, f/p - endoplasm
Aim: an endoplasm (almost dead, 100% to hit)
The magic dart hits the endoplasm.
You kill the endoplasm!
You now have 59 gold pieces (gained 13).
You open the door.
Found an escape hatch in the floor.
There is an open door here.
Found a scale mail.
A bat comes into view.
The bat hits you.
You barely miss the bat. Your grab misses the bat. Your squeeze misses the bat.
The bat barely misses you. The bat closely misses you. The bat hits you.
The bat hits you.
You closely miss the bat. You grab the bat. Your squeeze misses the bat.
You constrict the bat, but do no damage.
The bat closely misses you.
The bat escapes!
You barely miss the bat. You grab the bat. You squeeze the bat.
The bat is moderately wounded.
You constrict the bat, but do no damage.
The bat closely misses you.
The bat escapes!
You closely miss the bat. You grab the bat.
The bat is moderately wounded.
You constrict the bat, but do no damage.
The bat hits you but does no damage.
The bat escapes!
Cast which spell? (? or * to list)
Aiming: Magic Dart (safe; 2% risk of failure)
Press: ? - help, Shift-Dir - straight line, f - bat
Aim: a bat (moderately wounded, 100% to hit)
The magic dart hits the bat.
You kill the bat!
You see here a +0 scale mail.
A rat comes into view.
The rat squeaks loudly.
Found a book of Air and 2 fuming red potions.
A kobold comes into view. It is wielding a +0 whip.
The kobold shouts!
You tentacle-slap the rat but do no damage.
Your grab misses the rat.
You tentacle-slap the rat, but do no damage.
You squeeze the rat, but do no damage. The rat bites you.
You barely miss the rat. You grab the rat. You constrict the rat.
The rat misses you.
You tentacle-slap the rat.
You kill the rat!
Cast which spell? (? or * to list)
Aiming: Magic Dart (safe; 2% risk of failure)
Press: ? - help, Shift-Dir - straight line, f - kobold
Aim: a kobold, wielding a +0 whip (100% to hit)
The magic dart hits the kobold.
The kobold is moderately wounded.
Cast which spell? (? or * to list)
Aiming: Magic Dart (safe; 2% risk of failure)
Press: ? - help, Shift-Dir - straight line, f/p - kobold
Aim: a kobold, wielding a +0 whip (moderately wounded, 100% to hit)
The magic dart hits the kobold.
You kill the kobold!
You see here a rat corpse.
Found a dark potion.
You see here a +0 whip.
h - a +0 whip (weapon)
Found a barding.
i - a dark potion You pick up a book of Air and begin reading...
You add the spells Shock, Swiftness and Airstrike to your library.
j - 2 fuming red potions You see here a +0 barding.
Magic restored.
Found 8 gold pieces.
You now have 67 gold pieces (gained 8).
Found 9 gold pieces.
A quokka comes into view.
A quokka is nearby!
You see here 9 gold pieces.
You now have 76 gold pieces (gained 9).
The helpless quokka fails to defend itself.
You hit the quokka. You grab the quokka.
The quokka is moderately wounded.
You constrict the quokka, but do no damage.
The quokka bites you but does no damage.
The quokka bites you.
You hit the quokka but do no damage.
The quokka is moderately wounded.
You constrict the quokka. The quokka closely misses you.
You hit the quokka.
You kill the quokka!
No target in view!
No target in view!
A bat comes into view.
Found a stone staircase leading down.
The helpless bat fails to defend itself.
You hit the bat. You grab the bat. Your squeeze misses the bat.
The bat is severely wounded.
You constrict the bat.
You kill the bat!
No target in view!
There is a stone staircase leading down here.
You climb downwards.
There is a stone staircase leading up here.
A hobgoblin and an endoplasm come into view.
Found three items.
Cast which spell? (? or * to list)
Aiming: Magic Dart (safe; 2% risk of failure)
Press: ? - help, Shift-Dir - straight line, f - endoplasm
Aim: an endoplasm (asleep, 100% to hit)
You miscast Magic Dart.
You are very lightly contaminated with residual magic.
Nothing appears to happen.
Cast which spell? (? or * to list)
Aiming: Magic Dart (safe; 2% risk of failure)
Press: ? - help, Shift-Dir - straight line, f/p - endoplasm
Aim: an endoplasm (asleep, 100% to hit)
The magic dart hits the endoplasm.
You kill the endoplasm!
You see here a scroll labelled ELEBOUKHLIM.
k - a scroll labelled ELEBOUKHLIM Your magical contamination has completely faded away.
Cast which spell? (? or * to list)
Okay, then.
Found a pair of gloves.
The hobgoblin shouts!
You see here a sedimented grey potion.
Cast which spell? (? or * to list)
Aiming: Magic Dart (safe; 2% risk of failure)
Press: ? - help, Shift-Dir - straight line, f - hobgoblin
Aim: a hobgoblin (100% to hit)
The magic dart hits the hobgoblin but does no damage.
Cast which spell? (? or * to list)
Aiming: Magic Dart (safe; 2% risk of failure)
Press: ? - help, Shift-Dir - straight line, f/p - hobgoblin
Aim: a hobgoblin (100% to hit)
The magic dart hits the hobgoblin.
The hobgoblin is heavily wounded.
Found a stone staircase leading down.
The hobgoblin hits you.
You hit the hobgoblin.
You kill the hobgoblin!
No target in view!
j - 3 fuming red potions (gained 1)
You see here a hobgoblin corpse.
l - a sedimented grey potion
Found 6 gold pieces.
A hobgoblin comes into view.
Found a scroll labelled GATENOFAESS and a scroll labelled UROZEC QAYWK.
Cast which spell? (? or * to list)
Aiming: Magic Dart (safe; 2% risk of failure)
Press: ? - help, Shift-Dir - straight line, f - hobgoblin
Aim: a hobgoblin (asleep, 100% to hit)
The magic dart hits the hobgoblin but does no damage.
The hobgoblin shouts!
Cast which spell? (? or * to list)
Aiming: Magic Dart (safe; 2% risk of failure)
Press: ? - help, Shift-Dir - straight line, f/p - hobgoblin
Aim: a hobgoblin (100% to hit)
The magic dart hits the hobgoblin.
The hobgoblin is almost dead.
You barely miss the hobgoblin. Your grab misses the hobgoblin.
You squeeze the hobgoblin.
You kill the hobgoblin!
Your Fighting skill increases to level 1!
You have reached level 3!
Your experience leads to an increase in your attributes!
Increase (S)trength, (I)ntelligence, or (D)exterity?
You feel clever. x2
m - a scroll labelled GATENOFAESS
n - a scroll labelled UROZEC QAYWK You now have 82 gold pieces (gained 6).
Found an escape hatch in the ceiling.
You see here a +0 pair of gloves.
There is a stone staircase leading down here.
You climb downwards.
A malevolent force fills the Dungeon... and a teleportation trap spontaneously manifests!
You are yanked towards some nearby monsters!
Your surroundings suddenly seem different. 4 gnolls come into view.
Found a stone staircase leading down.
The gnoll shouts! x3
You can't go up here!
Okay, then.
You aren't carrying any items that you can evoke.
There's nothing to close nearby.
Unknown command.
Okay, then.
The gnoll shouts!
The gnoll misses you. The gnoll closely misses you.
The gnoll attacks as it pursues you! The gnoll closely misses you.
The gnoll attacks as it pursues you! The gnoll barely misses you.
The gnoll hits you with a +0 club. The gnoll barely misses you.
The gnoll attacks as it pursues you! The gnoll barely misses you.
The gnoll attacks as it pursues you! The gnoll barely misses you.
The gnoll attacks as it pursues you! The gnoll barely misses you.
The gnoll attacks as it pursues you! The gnoll hits you with a +0 club.
The gnoll attacks as it pursues you! The gnoll closely misses you.
Found a pair of gloves.
You see here a +0 pair of gloves.
Found 6 gold pieces.
You see here 6 gold pieces.
The gnoll attacks as it pursues you! The gnoll closely misses you.
The gnoll attacks as it pursues you! The gnoll hits you with a +0 club.
The gnoll attacks as it pursues you! The gnoll misses you.
The gnoll attacks as it pursues you! The gnoll hits you with a +0 club.
The gnoll attacks as it pursues you! The gnoll closely misses you.
You open the door.
A rat comes into view.
The gnoll hits you with a +0 club.
Found a glowing silver altar of Zin and a burning altar of Makhleb.
The angel shouts!
There is an open door here.
The rat barely misses you. The gnoll hits you with a +0 club.
The rat bites you.
You open the door.
A goblin and a kobold come into view.
The goblin shouts!
The gnoll hits you with a +0 club!
* * * LOW HITPOINT WARNING * * *
The rat barely misses you. The kobold barely misses you.
The goblin hits you with a +0 club.
You die...

#.# #.# #.# ###
#.# ###2### #.#
#.###.# #.#
###.._.#### #g#
##.g#r..#..##
#g#
#..K@gg.g...#
#.#
#...#...#...#
#.#
#.###._.###.#
#.# #
#######.#####.#
#A# #..g...g.#
### ##########


You could see an angel, a green death, 3 gnolls, a goblin, a kobold and a rat.

Vanquished Creatures
  3 endoplasms
  A goblin (D:1)
  5 hobgoblins
  3 quokkas (D:1)
  2 ball pythons (D:1)
  4 bats (D:1)
  2 kobolds (D:1)
  A rat (D:1)
21 creatures vanquished.

Notes
Turn   | Place    | Note
-------+----------+-------------------------------------------
     0 | D:1      | jagoly the Octopode Conjurer began the quest for the Orb.
     0 | D:1      | Reached XP level 1. HP: 11/11 MP: 3/3
   144 | D:1      | Reached XP level 2. HP: 18/18 MP: 3/5
   339 | D:2      | Reached skill level 1 in Fighting
   339 | D:2      | Reached XP level 3. HP: 23/23 MP: 1/6
   439 | D:3      | Found a glowing silver altar of Zin.
   439 | D:3      | Found a burning altar of Makhleb.
   440 | D:3      | Noticed a green death
   440 | D:3      | Noticed an angel
   445 | D:3      | Slain by a goblin

Illustrated notes

Levels and vault maps discovered:
D:1:      psy_arrival_spokes, layout_basic, serial_forest,
          infiniplex_forest_clump_cross, infiniplex_forest_clump_long,
          infiniplex_forest_zigzag_2, infiniplex_forest_corner_2,
          infiniplex_forest_clump_long, infiniplex_forest_straight_4,
          infiniplex_forest_straight_2
D:2:      layout_basic, uniq_jessica
D:3:      layout_basic, grunt_temple_overflow_order_and_chaos_2,
          ashenzari_altar_1, minmay_between

Skill      XL: |  1  2 |
---------------+-------+-----
Stealth        | 3 |  3.0
Fighting       | 1 |  1.0
Dodging        | |  2.0
Spellcasting   | |  2.3
Conjurations   | |  4.4

Action                     || total
---------------------------++-------
  Melee: Unarmed           ||    39
         Constrict         ||    16
         Tentacles         ||    14
         Whip              ||     6
         Punch             ||     1
   Cast: Magic Dart        ||    21
   Stab: Sleeping          ||     4
 Armour: Skin              ||    30
  Dodge: Dodged            ||    42
